 Dungeon Crawl Stone Soup version 0.31.0-32-g396128a36d (webtiles) character file.

Game seed: 2807158669093249032

191 MollyMolluskus the Ducker (level 5, -12/37 HPs)
             Began as an Octopode Fighter on Apr 9, 2024.
             Mangled by a gnoll
             ... wielding a +0 halberd
              (16 damage)
             ... on level 3 of the Dungeon.
             The game lasted 00:10:07 (2099 turns).

MollyMolluskus the Ducker (Octopode Fighter)        Turns: 2099, Time: 00:10:07

Health: -12/37     AC:  1    Str: 17    XL:     5   Next: 70%
Magic:  5/5        EV: 14    Int: 11    God:
Gold:   186        SH:  5    Dex: 17    Spells: 4/4 levels left

rFire   . .          .
                       - Unarmed
rCold   . . .        a - +0 buckler
rNeg    . . .        (helmet restricted)
rPois   .            (no amulet)
rElec   .            m - +6 ring of dexterity
rCorr   .            (no ring)
SInv    .            (no ring)
Will    .....        (no ring)
Stlth   +++          (no ring)
HPRegen 0.26/turn    (no ring)
MPRegen 0.09/turn    (no ring)
                     (no ring)

%: no passive effects
@: no status effects
A: almost no armour, amphibious, 8 rings, camouflage 1, gelatinous body 1,
(nimble swimmer 1), tentacles
a: no special abilities


You were on level 3 of the Dungeon.
You visited 1 branch of the dungeon, and saw 3 of its levels.

You collected 186 gold pieces.

Inventory:

Hand Weapons
 h - a +3 dagger
Missiles
 d - 10 poisoned darts (quivered)
 i - 6 silver javelins
 j - a throwing net
 o - 6 boomerangs
Armour
 a - a +0 buckler (worn)
Jewellery
 m - a +6 ring of dexterity (left tentacle)
Wands
 n - a wand of mindburst (12)
Scrolls
 g - 2 scrolls of teleportation
Potions
 b - 2 potions of might
 c - a potion of ambrosia
 e - a potion of curing {unknown}
 f - 2 potions of cancellation
 k - a potion of heal wounds {unknown}
 l - 2 potions of brilliance {unknown}


   Skills:
 + Level 3.6 Fighting
 + Level 3.7 Dodging
 + Level 2.8 Stealth
 + Level 3.6 Shields
 * Level 3.6 Unarmed Combat


You had 4 spell levels left.
You didn't know any spells.
Your spell library contained the following spells:

 Spells                   Type           Power      Damage    Failure   Level
 Jinxbite                 Hex            0%         N/A       56%         2
 Lesser Beckoning         Tloc           0%         N/A       56%         2
 Gell's Gravitas          Tloc           0%         N/A       80%         3
 Teleport Other           Tloc           0%         N/A       80%         3
 Yara's Violent Unravell  Hex/Alch       0%         3d3       100%        5
 Enfeeble                 Hex            0%         N/A       100%        7


Dungeon Overview and Level Annotations

Branches:
Dungeon (3/15)

Altars:

Shops:
D:1 =   D:2 (   D:3 :


Innate Abilities, Weirdness & Mutations

You cannot wear most types of armour.
You are amphibious.
You can wear up to eight rings at the same time.
Your skin changes colour to match your surroundings (Stealth+).
Your rubbery body absorbs attacks. (AC +1, EV +1)
((You are camouflaged when in or above water. (Stealth+)))
You have tentacles for arms and can constrict up to eight enemies at once.


Message History

You start resting.
HP restored.
You see here a +2 spear of venom.
The gnoll shouts!
You hear a shout!
A gnoll comes into view. It is wielding a +0 club.
A gnoll comes into view. It is wielding a +0 halberd.
You see here a +2 spear of venom.
The gnoll shouts!
You tentacle-slap the gnoll but do no damage.
You grab the gnoll. You constrict the gnoll. The gnoll barely misses you.
You tentacle-slap the gnoll. You squeeze the gnoll!
You kill the gnoll!
You start waiting.
A gnoll is nearby!
The gnoll completely misses you. You block the gnoll's attack.
You tentacle-slap the gnoll but do no damage.
Your grab misses the gnoll. The gnoll closely misses you.
The gnoll hits you from afar with a +0 halberd!
You bludgeon the gnoll! You grab the gnoll.
The gnoll is heavily wounded.
You constrict the gnoll. The gnoll hits you with a +0 club.
The gnoll barely misses you.
You tentacle-slap the gnoll but do no damage.
The gnoll is severely wounded.
You constrict the gnoll. The gnoll barely misses you. x2
You tentacle-slap the gnoll. You squeeze the gnoll.
You kill the gnoll!
The gnoll closely misses you. You block the gnoll's attack.
You see here a +0 club.
You barely miss the gnoll. You grab the gnoll. You constrict the gnoll.
The gnoll hits you with a +0 halberd!
You tentacle-slap the gnoll but do no damage.
You constrict the gnoll. The gnoll hits you with a +0 halberd!
* * * LOW HITPOINT WARNING * * *
You tentacle-slap the gnoll but do no damage.
You squeeze the gnoll!
The gnoll is severely wounded.
You constrict the gnoll. The gnoll hits you with a +0 halberd!
You die...

#..........#.......##.....|...
#..........).#######.........#
#..........### ##..#..<....#
#..........# ##..###.......
#.†........## #..####.....##
#..........[#####.## #........
###########.......# #........
###.....# #........ ###@###.##
##.....#. #.g.# #..# ##...##.
#.### ##.### #....## #)#
#...###....# ##.# ###...#)...#
#g.# ###.#....# #.## #......##
#.# ##......# #...# ##.....#


You could see a gnoll.

Vanquished Creatures
  A bombardier beetle (D:3)
  3 gnolls (D:3)
  6 adders
  4 ribbon worms
  2 orcs (D:3)
  7 bats
  4 endoplasms
  A giant cockroach (D:2)
  5 goblins
  4 hobgoblins
  7 jackals
  5 kobolds
  3 quokkas
  6 ball pythons
  A frilled lizard (D:2)
  4 rats
63 creatures vanquished.

Notes
Turn   | Place    | Note
-------+----------+-------------------------------------------
     0 | D:1      | MollyMolluskus the Octopode Fighter began the quest for the
                  | Orb.
     0 | D:1      | Reached XP level 1. HP: 16/16 MP: 1/1
   319 | D:1      | Reached XP level 2. HP: 21/21 MP: 2/2
   536 | D:1      | Found Jaturugozie's Jewellery Emporium.
   581 | D:1      | Reached skill level 1 in Stealth
   721 | D:1      | Reached XP level 3. HP: 24/26 MP: 3/3
   766 | D:1      | Found a faded altar of an unknown god.
  1019 | D:2      | Reached XP level 4. HP: 21/31 MP: 4/4
  1503 | D:2      | Found Udisch's Weapon Emporium.
  1588 | D:3      | Found Deox's Book Boutique.
  1592 | D:3      | Reached XP level 5. HP: 28/36 MP: 5/5
  2099 | D:3      | Mangled by a gnoll

Illustrated notes

Levels and vault maps discovered:
D:1:      wander_arrival_estate, layout_basic, serial_shops, shop,
          dreamdust_ecumenical_altar_angels_and_demons
D:2:      layout_loops_ring, serial_shops, shop
D:3:      layout_rooms, serial_shops, shop, minmay_pentomino_pile

Skill      XL: |  1  2  3  4 |
---------------+-------------+-----
Stealth        | 1 2 |  2.8
Unarmed Combat | 3 |  3.6
Fighting       | |  3.6
Dodging        | |  3.7
Shields        | |  3.6

Action                     |  1- 3 |  4- 6 || total
---------------------------+-------+-------++-------
  Melee: Unarmed           |    72 |    65 ||   137
         Constrict         |    22 |    24 ||    46
         Tentacles         |    13 |    14 ||    27
         Punch             |     4 |       ||     4
  Throw: Dart              |       |     3 ||     3
    Use: Scroll            |     4 |     3 ||     7
         Potion            |       |     1 ||     1
   Stab: Sleeping          |     7 |     6 ||    13
         Distracted        |       |     1 ||     1
 Armour: Skin              |    21 |    20 ||    41
  Dodge: Dodged            |    31 |    32 ||    63
  Block: Buckler           |     8 |    12 ||    20
